Map: [ESL] Crimson Court

Players

Reynor

  • Race: Zerg Zerg
  • Spawn Location: 1:00

YoungYakov - Winner!

  • Race: Zerg Zerg
  • Spawn Location: 7:00

VOD

Have the link to the VOD?

Description

Time

  • Played on: April 12, 2024, 9:09 a.m.
  • Length: 2:27
Show
View Real Time Build Order
Export as new Build Order

Reynor Zerg 

Build Orders: Pool Only 

Get SALT Encoding   

  12  0:17  Spawning Pool  
  11  0:22  Drone  
  11  0:26  Drone  
  13  0:30  Drone  
  14  0:40  Overlord  
  14  1:05  Zergling x4  
  14  1:06  Zergling x2  
  17  1:16  Zergling x2  
  18  1:27  Zergling x2  
  19  1:39  Zergling x2  
  20  1:49  Zergling x2  
  21  1:59  Zergling x2  
  21  2:00  Spine Crawler  
  21  2:06  Spine Crawler  
Show
View Real Time Build Order
Export as new Build Order

YoungYakov Zerg - Winner!

Build Orders: Pool First 

Get SALT Encoding   

  12  0:00  Drone  
  13  0:12  Overlord  
  13  0:17  Drone  
  14  0:30  Drone x2  
  14  0:35  Drone  
  17  0:38  Extractor  
  16  0:46  Spawning Pool  
  16  0:49  Drone  
  16  0:56  Drone  
  17  1:16  Hatchery  
  16  1:33  Zergling x6  
  16  1:38  Queen  
  16  1:39  Spine Crawler  
  21  1:45  Zergling x2  
  21  1:46  Spine Crawler  
  21  1:56  Zergling x2  
  22  2:07  Overlord  
Tags
 
Add a new tag
Caveats
  • Supply blocks, unpowered buildings, or Contaminate may cause inaccurate times.
  • Supply counts are checked every 10 seconds.